 Dungeon Crawl Stone Soup version 0.31.0-12-g77e489cdc1 (webtiles) character file.

Game seed: 13828766335000988991

23886 ThetaSigma the Geomancer (level 13, -3/84 HPs)
             Began as a Kobold Earth Elementalist on Feb 22, 2024.
             Was a Priest of Dithmenos.
             Slain by a death yak (12 damage)
             ... on level 1 of the Lair of Beasts.
             The game lasted 00:35:48 (19282 turns).

ThetaSigma the Geomancer (KoEE)                    Turns: 19282, Time: 00:35:48

Health: -3/84      AC: 14    Str:  7    XL:     13   Next: 38%
Magic:  2/19       EV: 12    Int: 17    God:    Dithmenos [***...]
Gold:   588        SH:  0    Dex: 18    Spells: 13/20 levels left

rFire   . . .        J - +4 dagger (venom)
rCold   . . .        (no shield)
rNeg    . . .        x - +0 swamp dragon scales
rPois   +            (no helmet)
rElec   +            e - scarf {shadows}
rCorr   +            (no gloves)
SInv    +            D - +1 pair of boots {Stlth+}
Will    +....        u - amulet "Miesakosh" {Acrobat rElec Will+ rCorr}
Stlth   +++++++++    v - ring of see invisible
HPRegen 0.34/turn    T - +4 ring of protection
MPRegen 0.16/turn

%: acrobat
@: wreathed by umbra
A: small, no large weapons, nightstalker 3
a: Renounce Religion, Shadow Step


You were on level 1 of the Lair of Beasts.
You worshipped Dithmenos.
Dithmenos was most pleased with you.
You visited 3 branches of the dungeon, and saw 12 of its levels.
You also visited: Ossuary and Bailey.

You collected 588 gold pieces.


Innate Abilities, Weirdness & Mutations

You are small and have problems with some larger weapons.
You are completely attuned to the shadows.


   Skills:
 - Level 11.0 Fighting
 + Level 9.0 Short Blades
 - Level 3.0 Armour
 - Level 2.4 Dodging
 - Level 11.0 Stealth
 - Level 4.0 Spellcasting
 - Level 4.0 Conjurations
 - Level 12.0 Earth Magic
 - Level 9.0 Alchemy
 - Level 3.0 Evocations


You had 13 spell levels left.
You knew the following spells:

 Your Spells              Type           Power      Damage    Failure   Level
p - Petrify               Alch/Erth      39%        N/A       7%          4
w - Stone Arrow           Conj/Erth      60%        3d10      5%          3

Your spell library contained the following spells:

 Spells                   Type           Power      Damage    Failure   Level
 Sandblast                Erth           88%        2d18      1%          1
 Passwall                 Erth           44%        N/A       1%          3
 Magic Dart               Conj           68%        1d6       10%         1
 Searing Ray              Conj           34%        2d5       14%         2
 Brom's Barrelling Bould  Conj/Erth      30%        2d5       19%         4
 Kiss of Death            Conj/Necr      40%        2d8       22%         1
 Fulminant Prism          Conj/Alch      12%        3d8       34%         4
 Blink                    Tloc           6%         N/A       58%         2
 Call Imp                 Summ           6%         N/A       58%         2
 Irradiate                Conj/Alch      12%        3d15      67%         5
 Inner Flame              Hex/Fire       3%         N/A       83%         3
 Animate Dead             Necr           3%         N/A       99%         4
 Summon Blazeheart Golem  Fire/Summ      3%         N/A       99%         4
 Haunt                    Necr/Summ      1%         N/A       100%        7
 Orb of Destruction       Conj           8%         9d6       100%        7
 Spellforged Servitor     Conj/Summ      5%         N/A       100%        7
 Ignition                 Fire           1%         3d3       100%        8
 Infestation              Necr           1%         N/A       100%        8

Inventory:

Hand Weapons
 g - a +3 dagger of flaming
 J - a +4 dagger of venom (weapon)
 M - a +4 scimitar of flaming
Missiles
 B - 5 datura-tipped darts (quivered)
Armour
 a - a +1 leather armour of fire resistance
 e - a scarf of shadows (worn)
 x - +0 swamp dragon scales (worn)
 D - a +1 pair of boots of stealth (worn)
 N - a +0 pair of gloves
Magical Staves
 j - a staff of death {!a}
 k - a staff of fire {!a}
Jewellery
 c - a ring of ice
 u - the amulet "Miesakosh" (around neck) {Acrobat rElec Will+ rCorr}
   (You found it on level 8 of the Dungeon)

   [amulet of the acrobat]

   Acrobat:   It increases your evasion while moving and waiting.
   rElec:     It insulates you from electricity.
   Will+:     It increases your willpower.
   rCorr:     It protects you from acid and corrosion.
 v - a ring of see invisible (left hand)
 F - a ring of protection from fire
 H - an amulet of reflection
 L - a ring of flight
 T - a +4 ring of protection (right hand)
Wands
 d - a wand of roots (6)
 f - a wand of acid (4)
 z - a wand of paralysis (9)
 A - a wand of mindburst (11)
 G - a wand of flame (13)
Scrolls
 i - 3 scrolls of amnesia
 m - 4 scrolls of teleportation {@r2}
 n - a scroll of fog
 o - 2 scrolls of vulnerability
 r - a scroll of immolation
 y - a scroll of torment
 I - a scroll of brand weapon
 O - a scroll of identify {@r1}
Potions
 b - 4 potions of magic
 h - 3 potions of haste {@q3}
 l - 2 potions of resistance
 p - a potion of enlightenment
 q - a potion of berserk rage {!q}
 s - a potion of heal wounds {@q2}
 t - 4 potions of mutation
 w - 2 potions of curing {@q1}
 C - a potion of attraction
 E - 2 potions of brilliance
 K - 2 potions of lignification

Dungeon Overview and Level Annotations

Branches:
Dungeon (10/15)            Temple (1/1) D:6            Lair (1/5) D:8
    Orc (0/2) D:9         Ossuary (visited)          Bailey (visited)

Altars:
Ashenzari
Cheibriados
Dithmenos
Elyvilon
Fedhas
Gozag
Hepliaklqana
Kikubaaqudgha
Makhleb
Nemelex Xobeh
Okawaru
Qazlal
Ru
Sif Muna
Trog
Uskayaw
Vehumet
Wu Jian
Xom
Yredelemnul
Zin
The Shining One

Annotations:
D:7 2 transporters

#..8..#........8..##.........
......#...........#..........
###.......8.......#...........
#.##.............#............
#.###..8..>..8...#............
#.# ##.........##.............
#.###.....8...##.........†....
#.....##....Y###..........#... #
#......#.#+##@.#..........#...
####...†...#...#..#..###.P'###...
#.#P......#.....#................
..........#8.>.8#................
..........#.....#.........#.####.
......### ##.8.#.........#### #.
.#.##.# ####.......(..# #.
......# ##.........# #. .#..#.#
#..#####..# #.


You could see a death yak (extremely poisoned).


Message History

Unknown command.
You hit the death yak.
The death yak looks as sick as possible!
The death yak is moderately wounded.
The death yak gores you!
You hit the death yak.
The death yak looks as sick as possible!
The death yak is moderately wounded.
The death yak gores you.
Unknown command.
You hit the death yak.
The death yak looks as sick as possible!
The death yak is moderately wounded.
You hit the death yak.
The death yak is heavily wounded.
The death yak gores you!!
* * * LOW HITPOINT WARNING * * *
Unknown command.
You completely miss the death yak.
The death yak is heavily wounded.
Unknown command.
You hit the death yak but do no damage.
The death yak looks as sick as possible!
The death yak is heavily wounded.
The death yak gores you!
* * * LOW HITPOINT WARNING * * *
You hit the death yak.
The death yak is severely wounded.
The death yak gores you!
You die...

Skill      XL: |  1  2  3  4  5  6  7  8  9 10 11 12 13 |
---------------+----------------------------------------+-----
Fighting       | 1 2 3 4 5 11 | 11.0
Stealth        | 3 4 5 6 7 8 9 11 | 11.0
Conjurations   | 2 3 4 |  4.0
Earth Magic    | 4 5 6 7 9 11 12 | 12.0
Short Blades   | 4 9 |  9.0
Alchemy        | 3 5 7 9 |  9.0
Armour         | 3 |  3.0
Spellcasting   | 3 4 |  4.0
Evocations     | 3 |  3.0
Dodging        | |  2.4

Action                     |  1- 3 |  4- 6 |  7- 9 | 10-12 | 13-15 || total
---------------------------+-------+-------+-------+-------+-------++-------
  Melee: Dagger            |    62 |   143 |   245 |   596 |   118 ||  1164
         Punch             |     2 |     1 |     1 |    13 |     2 ||    19
         Unarmed           |       |       |    34 |       |       ||    34
         Scimitar          |       |       |       |    16 |       ||    16
  Throw: Throwing net      |       |       |       |     1 |       ||     1
         Dart              |       |       |       |       |     1 ||     1
   Cast: Sandblast         |     7 |    11 |    36 |     3 |       ||    57
         Stone Arrow       |       |       |    27 |    23 |       ||    50
         Petrify           |       |       |     1 |    40 |    23 ||    64
  Evoke: Wand              |       |       |       |    12 |     1 ||    13
    Use: Scroll            |       |     3 |     7 |    16 |     2 ||    28
         Potion            |       |     2 |     5 |     6 |       ||    13
   Stab: Sleeping          |    12 |    22 |    24 |    36 |    10 ||   104
         Petrifying        |       |       |     2 |    31 |    11 ||    44
         Petrified         |       |       |       |    34 |     4 ||    38
         Paralysed         |       |       |       |     1 |       ||     1
         Held in net/web   |       |       |       |     1 |       ||     1
 Armour: Robe              |    18 |    64 |    83 |       |       ||   165
         Skin              |       |     9 |    74 |       |       ||    83
         Swamp dragon scal |       |       |   140 |   448 |    90 ||   678
  Dodge: Dodged            |    46 |   100 |   252 |   399 |    85 ||   882
  Block: Other             |       |       |       |     5 |       ||     5
         Reflection        |       |       |       |     2 |       ||     2

Levels and vault maps discovered:
D:1:      lightli_arrival_lavapool, layout_basic
D:2:      layout_rooms, palyth_stone_intersect, dk_noncrumbling_2,
          minmay_split_cup_large
D:3:      layout_loops_ring, kennysheep_generic_room_5
D:4:      layout_basic, fedhas_altar_1, gup_ossuary_entry_pyramid,
          hangedman_decor_points
D:5:      layout_gridville
D:6:      layout_cave_pools, nemelex_xobeh_ov_fountains_minmay,
          mainiacjoe_overflow_cross_hatched, mainiacjoe_overflow_alcove_4,
          mainiacjoe_overflow_large_starburst, minmay_temple_entry_antechambers,
          uniq_jeremiah, uniq_crazy_yiuf_cottage, uniq_menkaure, uniq_eustachio,
          uniq_maggie, uniq_sigmund
D:7:      layout_cave_pools, gammafunk_temple_overflow_arena, enter_bailey_3
D:8:      layout_basic, nicolae_hepliaklqana_monster_ancestors,
          lemuel_zombie_altar_yredelemnul, lair_entry_dummy,
          chequers_mini_garden, uniq_erica
D:9:      layout_cross, orc_0_dummy, minmay_ruined_shrine
D:10:     layout_basic, chequers_temple_overflow_statue_of_worship
Temple:   grunt_temple_mini_profane
Lair:1:   layout_chaotic_city, grunt_megastairs_3, lemuel_fruit_tree,
          serial_bayou_shore_a

Notes
Turn   | Place    | Note
-------+----------+-------------------------------------------
     0 | D:1      | ThetaSigma the Kobold Earth Elementalist began the quest
                  | for the Orb.
     0 | D:1      | Reached XP level 1. HP: 10/10 MP: 3/3
   285 | D:1      | Reached skill level 1 in Fighting
   338 | D:1      | Reached XP level 2. HP: 17/17 MP: 3/5
   441 | D:1      | Reached skill level 2 in Fighting
  1060 | D:2      | Reached XP level 3. HP: 21/22 MP: 6/6
  1156 | D:2      | Reached skill level 3 in Stealth
  1611 | D:2      | Reached skill level 3 in Fighting
  1614 | D:2      | Reached XP level 4. HP: 28/28 MP: 7/7
  1765 | D:3      | Identified 2 potions of resistance
  2036 | D:3      | Reached skill level 4 in Stealth
  2396 | D:3      | Learned a level 3 spell: Stone Arrow
  2951 | D:4      | Found a blossoming altar of Fedhas.
  2992 | D:4      | Noticed a phantom
  3014 | D:4      | Found a sand-covered staircase.
  3020 | Ossuary  | Entered an ossuary
  3031 | Ossuary  | Reached XP level 5. HP: 32/32 MP: 8/8
  3084 | Ossuary  | Reached skill level 5 in Stealth
  3159 | Ossuary  | Reached skill level 2 in Conjurations
  3164 | Ossuary  | HP: 3/32 [hound zombie (3)]
  3171 | Ossuary  | Reached XP level 6. HP: 13/37 MP: 1/9
  3180 | Ossuary  | Reached skill level 4 in Earth Magic
  3428 | Ossuary  | Reached skill level 6 in Stealth
  3470 | Ossuary  | Reached skill level 3 in Conjurations
  3578 | Ossuary  | Reached XP level 7. HP: 41/41 MP: 10/10
  3648 | Ossuary  | Reached skill level 4 in Conjurations
  3671 | Ossuary  | Reached skill level 4 in Fighting
  3902 | D:4      | Reached skill level 7 in Stealth
  4605 | D:5      | Entered Level 5 of the Dungeon
  4832 | D:5      | Reached skill level 5 in Earth Magic
  4832 | D:5      | Reached XP level 8. HP: 48/48 MP: 4/11
  4865 | D:5      | HP: 5/72 [orc/+0 flail (5)]
  4873 | D:5      | HP: 6/72 [orc/+0 flail (1)]
  4880 | D:5      | HP: 5/72 [something (2)]
  5419 | D:5      | Reached skill level 5 in Fighting
  6152 | D:5      | Learned a level 4 spell: Petrify
  6191 | D:6      | Reached skill level 1 in Short Blades
  6293 | D:6      | Noticed Maggie
  6302 | D:6      | Killed Maggie
  6303 | D:6      | Reached skill level 3 in Short Blades
  6303 | D:6      | Reached skill level 6 in Earth Magic
  6303 | D:6      | Reached skill level 2 in Alchemy
  6498 | D:6      | Noticed Menkaure
  6505 | D:6      | Killed Menkaure
  6506 | D:6      | Reached skill level 4 in Short Blades
  6506 | D:6      | Reached skill level 3 in Alchemy
  6506 | D:6      | Reached XP level 9. HP: 6/54 MP: 6/12
  6974 | D:6      | Noticed Sigmund
  6977 | D:6      | Killed Sigmund
  6978 | D:6      | Reached skill level 4 in Alchemy
  7001 | D:6      | Reached skill level 5 in Alchemy
  7001 | D:6      | Reached skill level 1 in Armour
  7026 | D:6      | Reached skill level 2 in Armour
  7069 | D:6      | Noticed Eustachio
  7223 | D:6      | Found an iron altar of Okawaru.
  7242 | D:6      | Noticed Jeremiah
  7245 | D:6      | Killed Jeremiah
  7246 | D:6      | Reached skill level 3 in Armour
  7246 | D:6      | Reached skill level 3 in Spellcasting
  7288 | D:6      | Found a runed translucent door.
  7314 | D:6      | Found a shimmering altar of Xom.
  7359 | D:6      | Found a glowing silver altar of Zin.
  7552 | D:6      | Killed Eustachio
  7788 | D:6      | Found a glowing golden altar of the Shining One.
  8013 | D:6      | Found a staircase to the Ecumenical Temple.
  8020 | Temple   | Entered the Ecumenical Temple
  8049 | Temple   | Became a worshipper of Dithmenos the Shadowed
  8188 | D:6      | Found a sparkling altar of Nemelex Xobeh.
  8323 | D:6      | Noticed Crazy Yiuf
  8341 | D:6      | Killed Crazy Yiuf
  8479 | D:7      | Reached skill level 7 in Earth Magic
  8605 | D:7      | Reached skill level 8 in Stealth
  8613 | D:7      | Found a flagged portal.
  8619 | Bailey   | Entered a bailey
  8916 | Bailey   | Reached XP level 10. HP: 31/59 MP: 14/14
  9154 | Bailey   | Reached skill level 9 in Stealth
  9434 | Bailey   | Reached * piety under Dithmenos
  9580 | Bailey   | Reached skill level 4 in Spellcasting
  9582 | Bailey   | Identified the +0 ring mail of the Serpent {rF- Regen+
                  | rCorr MP+9}
  9604 | Bailey   | Noticed a gargoyle
  9610 | Bailey   | Killed a gargoyle
  9611 | Bailey   | Reached skill level 8 in Earth Magic
  9611 | Bailey   | Reached skill level 6 in Alchemy
  9764 | Bailey   | Reached skill level 1 in Evocations
  9840 | D:7      | Reached skill level 2 in Evocations
  9923 | D:7      | Reached skill level 3 in Evocations
 10498 | D:7      | Reached ** piety under Dithmenos
 10592 | D:7      | Found a transporter.
 10637 | D:7      | Found a transporter.
 10647 | D:7      | Found a radiant altar of Vehumet.
 10663 | D:7      | Noticed a cyclops
 10673 | D:7      | Noticed an efreet
 11416 | D:8      | Found a staircase to the Lair.
 11576 | D:8      | Identified the amulet "Miesakosh" {Acrobat rElec Will+
                  | rCorr}
 11695 | D:8      | Found a basalt altar of Yredelemnul.
 11842 | D:8      | Identified the +2 robe of the Dragon {+Blink}
 11877 | D:8      | Found a hazy altar of Hepliaklqana.
 12032 | D:8      | Reached skill level 7 in Alchemy
 12263 | D:8      | Reached skill level 9 in Earth Magic
 12263 | D:8      | Noticed Erica
 12273 | D:8      | Killed Erica
 12274 | D:8      | Reached XP level 11. HP: 9/63 MP: 1/17
 12831 | D:9      | Noticed a catoblepas
 12887 | D:8      | Reached skill level 10 in Earth Magic
 13508 | D:8      | Reached skill level 11 in Earth Magic
 14459 | D:9      | Noticed a cyclops
 14460 | D:9      | Noticed a centaur warrior
 14478 | D:9      | Killed a centaur warrior
 14687 | D:9      | Found a staircase to the Orcish Mines.
 15031 | D:10     | Entered Level 10 of the Dungeon
 15194 | D:10     | Got the Quarto of the Missiles
 15196 | D:10     | Identified a potion of experience
 15197 | D:10     | Reached skill level 11 in Fighting
 15197 | D:10     | Reached XP level 12. HP: 80/80 MP: 18/18
 15660 | D:10     | Reached skill level 8 in Alchemy
 15700 | D:10     | HP: 3/80 [yak (7)]
 15721 | D:10     | HP: 5/80 [yak (5)]
 15736 | D:10     | HP: 7/80 [yak (7)]
 15749 | D:10     | Reached skill level 12 in Earth Magic
 16148 | D:10     | Found a bloodstained altar of Trog.
 16148 | D:10     | Found a snail-covered altar of Cheibriados.
 16149 | D:10     | Found a hide-covered altar of Uskayaw.
 16149 | D:10     | Found a burning altar of Makhleb.
 16914 | Lair:1   | Entered Level 1 of the Lair of Beasts
 17087 | Lair:1   | Reached skill level 9 in Alchemy
 17116 | Lair:1   | Noticed a death yak
 17117 | Lair:1   | Noticed a death yak
 17164 | Lair:1   | Reached *** piety under Dithmenos
 17274 | Lair:1   | Reached XP level 13. HP: 84/84 MP: 19/19
 17543 | Lair:1   | Reached skill level 5 in Short Blades
 17719 | Lair:1   | Reached skill level 10 in Stealth
 17941 | Lair:1   | Reached skill level 6 in Short Blades
 17991 | Lair:1   | HP: 7/84 [elephant (8)]
 18374 | Lair:1   | Reached skill level 11 in Stealth
 18376 | Lair:1   | Reached skill level 7 in Short Blades
 18754 | Lair:1   | Reached skill level 8 in Short Blades
 19084 | Lair:1   | Reached skill level 9 in Short Blades
 19281 | Lair:1   | HP: 8/84 [death yak (16)]
 19282 | Lair:1   | Slain by a death yak

Vanquished Creatures
  A centaur warrior (D:9)
  Erica (D:8)
  A death yak (Lair:1)
  5 elephants (Lair:1)
  A torpor snail (Lair:1)
  Maggie (D:6)
  A gargoyle (Bailey)
  Jeremiah (D:6)
  A cane toad (Lair:1)
  A rime drake (Lair:1)
  3 komodo dragons (Lair:1)
  An unseen horror zombie (D:8)
  4 blink frogs (Lair:1)
  A hornet (D:8)
  3 slime creatures (D:10)
  A vampire (Bailey)
  A shadow (D:10)
  Sigmund (D:6)
  Eustachio (D:6)
  2 wyverns (D:7)
  24 yaks
  A steam dragon (D:10)
  Menkaure (D:6)
  2 acid dragons
  4 water moccasins (Lair:1)
  3 orc warriors
  A sky beast (D:8)
  6 black bears
  2 ogres
  A centaur (D:7)
  2 phantoms
  2 elf zombies (Ossuary)
  2 kobold brigands
  6 bullfrogs
  A gnoll sergeant (D:7)
  A scorpion (D:6)
  5 wights (D:8)
  3 killer bees (D:9)
  An electric eel (Lair:1)
  2 howler monkeys
  7 vampire bats (Bailey)
  7 wolf zombies (Bailey)
  A bombardier beetle (D:7)
  4 centaur zombies
  2 hounds
  A human zombie (Ossuary)
  4 orc priests
  Crazy Yiuf (D:6)
  A gnoll bouda (D:5)
  4 jellies
  2 iguanas (D:5)
  4 orc wizards
  7 hound zombies (Ossuary)
  3 mummies
  7 adders
  8 gnolls
  A shadow imp (D:6)
  2 white imps
  7 adder zombies (Ossuary)
  A ribbon worm (D:2)
  3 dart slugs
  21 orcs
  6 ball pythons
  4 bats
  9 endoplasms
  6 giant cockroaches
  6 goblins
  5 hobgoblins
  6 jackals (D:4)
  2 quokkas (D:2)
  2 frilled lizards
  4 gnoll zombies (Ossuary)
  3 jackal zombies (Ossuary)
  8 kobolds
  6 kobold zombies (Ossuary)
  24 orc zombies
  4 rats
  A spectral goblin (D:8)
296 creatures vanquished.

Table legend: (Time is in decaauts)
 A = Elapsed time spent in this place.
 B = Non-inter-level travel time spent in this place.
 C = Inter-level travel time spent in this place.
 D = Time resting spent in this place.
 E = Time spent auto-exploring this place.
 F = Levels seen in this place.
 G = Mean time per level.
                   A        B        C        D        E       F      G
               +--------+--------+--------+--------+--------+-----+--------+
         Total |  19145 |  18698 |    447 |   7694 |   8386 |  14 | 1367.5 |
       Dungeon |  14596 |  14202 |    394 |   5377 |   7057 |  10 | 1459.6 |
        Temple |    154 |    102 |     52 |    100 |      0 |   1 |  154.0 |
          Lair |   2361 |   2361 |      0 |   1189 |    858 |   1 | 2361.0 |
       Ossuary |    873 |    873 |      0 |    425 |    175 |   1 |  873.0 |
        Bailey |   1160 |   1160 |      0 |    603 |    295 |   1 | 1160.0 |
               +--------+--------+--------+--------+--------+-----+--------+

Top non-repeatable levels by time:
  Lair:1: 2361 daAuts
     D:8: 2205 daAuts
     D:6: 2091 daAuts
    D:10: 1791 daAuts
     D:7: 1727 daAuts
     D:5: 1545 daAuts
     D:9: 1490 daAuts
  Bailey: 1160 daAuts
     D:1: 1056 daAuts
     D:3: 1040 daAuts
     D:4: 938 daAuts
 Ossuary: 873 daAuts
     D:2: 709 daAuts
  Temple: 154 daAuts

Table legend:
 A = Non-vault XP
 B = Vault XP
 C = Vault XP percentage of total XP
 D = Non-vault monster count
 E = Vault monster count
 F = Vault count percentage of total count
                 A         B        C        D         E       F
            +---------+---------+-------+---------+---------+-------
      Total |   17289 |    7061 |  29.0 |     191 |     105 |  35.5
            +---------+---------+-------+---------+---------+-------
        D:1 |      27 |       0 |   0.0 |      14 |       0 |   0.0
        D:2 |      24 |      18 |  42.9 |      11 |       4 |  26.7
        D:3 |      19 |       3 |  13.6 |      11 |       2 |  15.4
        D:4 |     195 |      18 |   8.5 |      15 |       1 |   6.2
        D:5 |     393 |       0 |   0.0 |      14 |       0 |   0.0
        D:6 |     556 |    1468 |  72.5 |      16 |       6 |  27.3
        D:7 |    1565 |       8 |   0.5 |      26 |       4 |  13.3
        D:8 |    2192 |    1208 |  35.5 |      27 |       5 |  15.6
        D:9 |    1286 |    1099 |  46.1 |      13 |       5 |  27.8
       D:10 |    3340 |       0 |   0.0 |      16 |       0 |   0.0
     Lair:1 |    7692 |    1101 |  12.5 |      28 |       3 |   9.7
    Ossuary |       0 |     617 | 100.0 |       0 |      39 | 100.0
     Bailey |       0 |    1521 | 100.0 |       0 |      36 | 100.0
            +---------+---------+-------+---------+---------+-------
